 Dungeon Crawl Stone Soup version 0.31.0-11-ge490571c62 (webtiles) character file.

Game seed: 11384599676848705496

51 ezpacito the Trooper (level 3, -1/43 HPs)
             Began as a Demonspawn Berserker on Jan 31, 2024.
             Was a Believer of Trog.
             Slain by a gnoll
             ... wielding a +0 flail
              (5 damage)
             ... on level 2 of the Dungeon.
             The game lasted 00:01:35 (1069 turns).

ezpacito the Trooper (Demonspawn Berserker)         Turns: 1069, Time: 00:01:36

Health: -1/43      AC:  6    Str: 17    XL:     3   Next: 57%
Magic:  3/3        EV: 12    Int:  7    God:    Trog [**....]
Gold:   98         SH:  0    Dex: 14    Spells: 2/2 levels left

rFire   + . .        k - +8 whip "Odghe" {freeze, rElec Stlth+}
rCold   + . .        (no shield)
rNeg    . . .        l - +2 robe {rC+ rF+}
rPois   .            (no helmet)
rElec   +            (no cloak)
rCorr   .            (no gloves)
SInv    .            (no boots)
Will    .....        (no amulet) Stlth
                     (no ring)
HPRegen 0.27/turn    (no ring)
MPRegen 0.08/turn

%: no passive effects
@: berserking (expiring), very quick
A: icy blue scales 1
a: Renounce Religion, Berserk, Trog's Hand


You were on level 2 of the Dungeon.
You worshipped Trog.
Trog was pleased with you.
You visited 1 branch of the dungeon, and saw 2 of its levels.

You collected 98 gold pieces.

Inventory:

Hand Weapons
 a - a +0 hand axe
 k - the +8 whip "Odghe" (weapon) {freeze, rElec Stlth+}
   (You found it on level 2 of the Dungeon)

   rElec:     It insulates you from electricity.
   Stlth+:    It makes you more stealthy.
Missiles
 g - 19 stones (quivered)
 h - 3 poisoned darts
Armour
 l - a +2 robe of resistance (worn)
Scrolls
 i - a scroll of immolation {unknown}
Potions
 b - a potion of resistance {unknown}
 c - a potion of might {unknown}
 d - a potion of enlightenment {unknown}
 f - a potion of lignification {unknown}
 j - a potion of heal wounds {unknown}


   Skills:
 * Level 3.5 Fighting
 * Level 3.2 Axes
 * Level 2.0 Armour
 * Level 2.1 Dodging
 * Level 0.7 Stealth
 * Level 0.3 Unarmed Combat


You had 2 spell levels left.
You didn't know any spells.
Your spell library contained the following spells:

 Spells                   Type           Power      Damage    Failure   Level
 Inner Flame              Hex/Fire       0%         N/A       80%         3
 Flame Wave               Conj/Fire      0%         2d4       99%         4
 Sticky Flame             Fire/Alch      0%         2d4       99%         4


Dungeon Overview and Level Annotations

Branches:
Dungeon (2/15)

Altars:


Innate Abilities, Weirdness & Mutations

You are partially covered in icy blue scales. (AC +2)


Message History

The endoplasm freezes you.
You are frozen.
You resist.
You hit the endoplasm. You freeze the endoplasm.
The endoplasm is severely wounded.
The endoplasm barely misses you.
You whack the endoplasm! You freeze the endoplasm.
You kill the endoplasm!
Trog accepts your kill.
No target in view!
No target in view!
No target in view!
No target in view!
No target in view!
No target in view! 2 gnolls come into view.
A gnoll comes into view. It is wielding a +0 whip of draining.
The gnoll shouts! x3
A red film seems to cover your vision as you go berserk!
You feel yourself moving faster!
You feel mighty!
You barely miss the gnoll. The gnoll barely misses you.
The gnoll hits you with a +0 flail. x2
You barely miss the gnoll. The gnoll closely misses you. x2
The gnoll hits you with a +0 flail.
You barely miss the gnoll. You whack the gnoll! You freeze the gnoll!
You kill the gnoll!
Trog accepts your kill. The gnoll hits you with a +0 flail.
The gnoll hits you with a +0 flail!
Your Armour skill increases to level 2!
The gnoll closely misses you. The gnoll barely misses you.
You see here a +0 whip of draining.
You barely miss the gnoll. You completely miss the gnoll.
The gnoll hits you with a +0 flail.
* * * LOW HITPOINT WARNING * * *
The gnoll hits you with a +0 flail!
* * * LOW HITPOINT WARNING * * *
You whack the gnoll! You freeze the gnoll.
The gnoll is severely wounded.
The gnoll completely misses you. The gnoll hits you with a +0 flail.
You die...

######### #.......#
#.......# #.......#
#.#.......#
#.#.......# ##.#
##.#...g@..# #...
..#....g..# #..#
#.####.####
#..####.####.#
#............#
#.##.##..#####
#...............
####.......########
## ### .....##.##.#
#. ...


You could see 2 gnolls.

Vanquished Creatures
  A gnoll (D:2)
  An adder (D:2)
  A dart slug (D:2)
  5 bats (D:1)
  4 endoplasms
  A giant cockroach (D:2)
  2 goblins (D:1)
  A hobgoblin (D:1)
  2 jackals (D:1)
  2 ball pythons (D:1)
  2 frilled lizards (D:1)
  3 kobolds (D:1)
  4 rats (D:1)
29 creatures vanquished.

Notes
Turn   | Place    | Note
-------+----------+-------------------------------------------
     0 | D:1      | ezpacito the Demonspawn Berserker began the quest for the
                  | Orb.
     0 | D:1      | Reached XP level 1. HP: 18/18 MP: 1/1
   208 | D:1      | Gained mutation: You are partially covered in icy blue
                  | scales. (AC +2) [demonic ancestry]
   208 | D:1      | Reached XP level 2. HP: 22/24 MP: 2/2
   776 | D:1      | Reached ** piety under Trog
   925 | D:2      | Reached XP level 3. HP: 26/29 MP: 3/3
   954 | D:2      | Identified the +8 whip "Odghe" {freeze, rElec Stlth+}
  1069 | D:2      | Slain by a gnoll

Illustrated notes

Levels and vault maps discovered:
D:1:      dpeg_arrival_concentric_ovals, layout_loops_ring
D:2:      layout_loops_cross, minmay_randomly_rotated_circles

Skill      XL: |  1  2  3 |
---------------+----------+-----
Dodging        | 2 |  2.1
Axes           | 3 |  3.2
Armour         | 2 |  2.0
Fighting       | |  3.5
Stealth        | |  0.7
Unarmed Combat | |  0.3

Action                     || total
---------------------------++-------
  Melee: Hand axe          ||    76
         Punch             ||     1
         Whip              ||    12
 Invoke: Berserk           ||     1
 Armour: Animal skin       ||    30
         Leather armour    ||    24
         Robe              ||     8
  Dodge: Dodged            ||    70
